 Dungeon Sprint DCSS version 0.30.1-11-g7821555f0a (webtiles) character file.

Game seed: 6166879014847184887

830 Groucho the Martial Artist (level 7, -3/53 HPs)
             Began as an Octopode Transmuter on Jan 8, 2024.
             Was an Initiate of Sif Muna.
             Slain by a troll (7 damage)
             ... in the Dungeon (Sprint IX: "|||||||||||||||||||||||||||||").
             The game lasted 00:03:37 (774 turns).

Groucho the Martial Artist (Octopode Transmuter)     Turns: 774, Time: 00:03:37

Health: -3/53      AC:  2    Str:  9    XL:     7   Next: 97%
Magic:  12/16      EV: 25    Int: 21    God:    Sif Muna [......]
Gold:   0          SH:  0    Dex: 20    Spells: 8/18 levels left

rFire   . .          .
                       - Unarmed
rCold   . . .        (shield currently unavailable)
rNeg    . . .        (helmet currently unavailable)
rPois   x            (no amulet)
rElec   .            k - +3 ring of intelligence
rCorr   .            l - +3 ring of dexterity
SInv    .            (no ring)
Will    .....        (no ring)
Stlth   ++           (no ring)
HPRegen 0.28/turn    (no ring)
MPRegen 0.15/turn    (no ring)
                     (no ring)

%: no teleportation
@: spider-form, wereblooded
A: venomous fangs, almost no armour, (amphibious), 8 rings, tiny, (camouflage
1), (gelatinous body 1), (nimble swimmer 1), (tentacles)
a: End Transformation, Renounce Religion


You were in the Dungeon.
You worshipped Sif Muna.
Sif Muna was noncommittal.
You were a venomous arachnid creature.
You visited 1 branch

Inventory:

Jewellery
 k - a +3 ring of intelligence (left front pincers)
 l - a +3 ring of dexterity (right front pincers)
Wands
 j - a wand of quicksilver (10)
Scrolls
 g - a scroll of blinking
 i - 2 scrolls of amnesia
Potions
 a - a potion of lignification
 d - a potion of haste
 e - 4 potions of magic
 f - a potion of berserk rage
 h - 3 potions of curing


   Skills:
 + Level 6.5 Fighting
 + Level 6.7 Dodging
 * Level 9.5 Unarmed Combat
 + Level 6.1 Spellcasting
 * Level 9.3 Transmutations


You had 8 spell levels left.
You knew the following spells:

 Your Spells              Type           Power      Damage    Failure   Level
a - Beastly Appendage     Tmut           90%        N/A       2%          1
b - Spider Form           Tmut/Pois      26%        N/A       13%         3
c - Wereblood             Tmut           45%        N/A       2%          2
d - Ice Form              Ice/Tmut       26%        N/A       32%         4

Your spell library contained the following spells:

 Spells                   Type           Power      Damage    Failure   Level


Dungeon Overview and Level Annotations

Branches:
Dungeon (1/1)

Altars:
Cheibriados
Dithmenos
Elyvilon
Fedhas
Gozag
Hepliaklqana
Kikubaaqudgha
Makhleb
Nemelex Xobeh
Okawaru
Qazlal
Ru
Sif Muna
Trog
Uskayaw
Vehumet
Wu Jian
Xom
Yredelemnul
Zin
The Shining One
Jiyva
Lugonu


Innate Abilities, Weirdness & Mutations

You are a venomous arachnid creature.
You have venomous fangs.
You are tiny and dextrous.
Your spellcasting is less reliable in this form.
Your armour is entirely melded.
You are incapable of wielding weapons or throwing items.
You cannot wear most types of armour.
((You are amphibious.))
You can wear up to eight rings at the same time.
((Your skin changes colour to match your surroundings (Stealth+).))
((Your rubbery body absorbs attacks. (AC +1, EV +1)))
((You are camouflaged when in or above water. (Stealth+)))
((You have tentacles for arms and can constrict up to eight enemies at once.))


Message History

There is a blossoming altar of Fedhas here.
There is a white marble altar of Elyvilon here.
There is a shadowy altar of Dithmenos here.
There is a snail-covered altar of Cheibriados here.
There is a roughly hewn altar of Beogh here.
There is an open door to the Temple here.
There is an open door, spattered with blood here.
You see here a +0 giant club.
You see here a +0 dagger.
There is an open door to the Dungeon here.
You see here a +0 club.
There is an open door to the Dungeon here.
You see here a +0 club.
You feel better.
Casting: Beastly Appendage (safe; 1% risk of failure)
Confirm with . or Enter, or press ? or * to list all spells.
Your blood is infused with primal strength.
Casting: Wereblood (safe; 1% risk of failure)
Confirm with . or Enter, or press ? or * to list all spells.
You turn into a venomous arachnid creature.
You are too injured to fight recklessly!
You are too injured to fight recklessly!
The troll bites you. The troll claws you!
* * * LOW HITPOINT WARNING * * *
The troll closely misses you.
You hit the troll.
The troll is poisoned.
The troll is lightly wounded.
The troll closely misses you. The troll completely misses you. x2
You bite the troll!
The troll looks as sick as possible!
The troll is heavily wounded.
The troll completely misses you. x2; The troll claws you.
* * * LOW HITPOINT WARNING * * *
You bite the troll!
The troll looks as sick as possible!
The troll is almost dead.
You hit the troll but do no damage.
The troll is almost dead.
The troll bites you!
* * * LOW HITPOINT WARNING * * *
The troll completely misses you. The troll claws you!
You die...

▓.▓
▓.▓
▓.▓
▓)▓
▓.▓
▓.▓
▓.▓
▓T▓
▓s▓
▓)▓
▓.▓
▓.▓
▓.▓
▓<▓
▓▓▓


You could see a troll (extremely poisoned).

Vanquished Creatures
  A two-headed ogre (D)
  An ogre (D)
  A scorpion (D)
  2 howler monkeys (D)
  A hound (D)
  An adder (D)
  2 goblins (D)
  2 hobgoblins (D)
  A rat (D)
12 creatures vanquished.

Notes
Turn   | Place    | Note
-------+----------+-------------------------------------------
     0 | D        | Groucho the Octopode Transmuter began the quest for the
                  | Orb.
     0 | D        | Reached XP level 1. HP: 13/13 MP: 3/3
   239 | D        | Noticed an ogre
   239 | D        | Noticed a scorpion
   239 | D        | Noticed a howler monkey
   239 | D        | Noticed a hound
   244 | D        | Killed a hound
   245 | D        | Reached XP level 2. HP: 13/20 MP: 2/5
   245 | D        | Reached XP level 3. HP: 16/25 MP: 2/7
   250 | D        | Reached skill level 5 in Unarmed Combat
   250 | D        | Reached XP level 4. HP: 22/31 MP: 3/8
   254 | D        | Killed a scorpion
   255 | D        | Reached skill level 5 in Transmutations
   255 | D        | Reached XP level 5. HP: 20/37 MP: 3/10
   263 | D        | Killed an ogre
   264 | D        | Reached XP level 6. HP: 16/44 MP: 3/12
   573 | D        | Found a snail-covered altar of Cheibriados.
   573 | D        | Found a shadowy altar of Dithmenos.
   573 | D        | Found a white marble altar of Elyvilon.
   573 | D        | Found a blossoming altar of Fedhas.
   573 | D        | Found an opulent altar of Gozag.
   574 | D        | Found a hazy altar of Hepliaklqana.
   575 | D        | Found a viscous altar of Jiyva.
   576 | D        | Found an ancient bone altar of Kikubaaqudgha.
   577 | D        | Found a corrupted altar of Lugonu.
   578 | D        | Found a burning altar of Makhleb.
   579 | D        | Found a sparkling altar of Nemelex Xobeh.
   580 | D        | Found an iron altar of Okawaru.
   581 | D        | Found a stormy altar of Qazlal.
   582 | D        | Found a sacrificial altar of Ru.
   583 | D        | Found a shimmering blue altar of Sif Muna.
   584 | D        | Found a bloodstained altar of Trog.
   585 | D        | Found a hide-covered altar of Uskayaw.
   586 | D        | Found a radiant altar of Vehumet.
   587 | D        | Found an ornate altar of the Wu Jian Council.
   588 | D        | Found a shimmering altar of Xom.
   589 | D        | Found a basalt altar of Yredelemnul.
   590 | D        | Found a glowing silver altar of Zin.
   591 | D        | Found a glowing golden altar of the Shining One.
   653 | D        | Became a worshipper of Sif Muna the Loreminder
   686 | D        | Learned a level 3 spell: Spider Form
   689 | D        | Learned a level 2 spell: Wereblood
   694 | D        | Learned a level 4 spell: Ice Form
   696 | D        | Noticed a wraith
   696 | D        | Noticed a troll
   696 | D        | Noticed a troll
   696 | D        | Noticed a two-headed ogre
   715 | D        | Killed a two-headed ogre
   716 | D        | Reached XP level 7. HP: 48/53 MP: 11/16
   774 | D        | Slain by a troll

Illustrated notes

Levels and vault maps discovered:
D:        linesprint [early_d, line_temple, items_1, d_10, items_2, lair_1,
          lair_end, items_3, orc_1, orc_end, items_4, d_15, swamp_1, shoals_1,
          snake_1, spider_1, d_20, vaults_1, items_5, swamp_end, shoals_end,
          snake_end, spider_end, vaults_end, d_27, items_6, zot_1, zot_end,
          crypt_end, forest_end, elf_end, slime_end, tomb_end, abyss_end,
          pan_hell_end]

Skill      XL: |  1  2  3  4  5  6 |
---------------+-------------------+-----
Fighting       | 2 3 4 6 |  6.5
Dodging        | 3 4 6 |  6.7
Unarmed Combat | 4 5 6 7 9 |  9.5
Transmutations | 3 4 5 6 9 |  9.3
Spellcasting   | 3 4 6 |  6.1

Action                     |  1- 3 |  4- 6 |  7- 9 || total
---------------------------+-------+-------+-------++-------
  Melee: Unarmed           |    16 |    27 |    11 ||    54
         Kick              |     6 |    10 |     4 ||    20
         Constrict         |     5 |     1 |     1 ||     7
         Tentacles         |     3 |     6 |     1 ||    10
         Punch             |       |     1 |       ||     1
   Cast: Beastly Appendage |     2 |     2 |       ||     4
         Wereblood         |       |     1 |     1 ||     2
         Spider Form       |       |       |     1 ||     1
    Use: Potion            |     1 |     4 |     1 ||     6
         Scroll            |       |       |     1 ||     1
   Stab: Invisible         |       |     4 |     2 ||     6
  Dodge: Dodged            |     9 |    23 |    15 ||    47
